 Dungeon Crawl Stone Soup version 0.31.0-32-g396128a36d (webtiles) character file.

Game seed: 16894764730711818643

3362 spiderpigspy the Firebug (level 10, -8/56 HPs)
             Began as an Octopode Fire Elementalist on Mar 27, 2024.
             Was a Follower of Sif Muna.
             Mangled by a five-headed hydra (17 damage)
             ... on level 8 of the Dungeon.
             The game lasted 01:07:51 (11627 turns).

spiderpigspy the Firebug (OpFE)                    Turns: 11627, Time: 01:07:52

Health: -8/56      AC:  1    Str:  7    XL:     10   Next: 3%
Magic:  17/29      EV: 13    Int: 28    God:    Sif Muna [*.....]
Gold:   484        SH:  0    Dex: 13    Spells: 6/23 levels left

rFire   . . .        f - +1 dagger (flame)
rCold   . . .        (no shield)
rNeg    + . .        (helmet restricted)
rPois   .            K - amulet of magic regeneration
rElec   .            q - ring of magical power
rCorr   .            t - ring of willpower
SInv    .            n - ring of positive energy
Will    +....        J - +6 ring of intelligence
Stlth   +++          (no ring)
HPRegen 0.29/turn    (no ring)
MPRegen 0.61/turn    (no ring)
                     (no ring)

%: no passive effects
@: no status effects
A: almost no armour, amphibious, 8 rings, camouflage 1, gelatinous body 1,
(nimble swimmer 1), tentacles
a: Renounce Religion, Channel Magic


You were on level 8 of the Dungeon.
You worshipped Sif Muna.
Sif Muna was aware of your devotion.
You visited 2 branches of the dungeon, and saw 10 of its levels.
You also visited: Sewer.

You collected 484 gold pieces.

Inventory:

Hand Weapons
 f - a +1 dagger of flaming (weapon)
 l - a +2 dagger of holy wrath
 m - a +2 whip of electrocution
 G - a +0 short sword of venom
 H - a +2 dagger of electrocution
 M - a +1 dagger of draining
 P - a +3 shortbow
Jewellery
 n - a ring of positive energy (on tentacle)
 q - a ring of magical power (left tentacle)
 t - a ring of willpower (right tentacle)
 J - a +6 ring of intelligence (on tentacle)
 K - an amulet of magic regeneration (around mantle)
Talismans
 k - a flux talisman
 y - a maw talisman
Wands
 o - a wand of polymorph (6)
 Q - a wand of flame (22)
Scrolls
 c - 2 scrolls of blinking {unknown}
 g - a scroll of noise {unknown}
 h - 5 scrolls of revelation
 i - 2 scrolls of silence {unknown}
 r - a scroll of summoning {unknown}
 u - 3 scrolls of poison
 v - 2 scrolls of enchant weapon {unknown}
 x - 2 scrolls of fear {unknown}
 z - 2 scrolls of immolation {unknown}
 A - a scroll of vulnerability {unknown}
 B - 2 scrolls of fog {unknown}
 C - 4 scrolls of teleportation
 L - a scroll of brand weapon {unknown}
 O - 3 scrolls of amnesia
Potions
 a - a potion of magic
 b - 2 potions of lignification
 e - a potion of enlightenment
 p - 2 potions of curing
 s - a potion of brilliance {unknown}
 D - 4 potions of might
 E - a potion of invisibility {unknown}
 F - 2 potions of haste
 I - a potion of attraction {unknown}
 N - a potion of cancellation {unknown}


   Skills:
 - Level 2.0 Dodging
 - Level 2.6 Stealth
 + Level 7.0 Spellcasting
 - Level 5.0 Conjurations
 - Level 5.0 Hexes
 - Level 5.0 Translocations
 - Level 7.0 Fire Magic
 + Level 4.1 Ice Magic


You had 6 spell levels left.
You knew the following spells:

 Your Spells              Type           Power      Damage    Failure   Level
a - Foxfire               Conj/Fire      100%       2x1d9     1%          1
b - Inner Flame           Hex/Fire       43%        N/A       1%          3
c - Volatile Blastmotes   Fire/Tloc      86%        2d17      1%          3
d - Teleport Other        Tloc           38%        N/A       1%          3
e - Flame Wave            Conj/Fire      43%        2d11      4%          4
f - Ozocubu's Armour      Ice            33%        N/A       3%          3

Your spell library contained the following spells:

 Spells                   Type           Power      Damage    Failure   Level
 Freeze                   Ice            100%       1d10      1%          1
 Scorch                   Fire           98%        2d9       1%          2
 Gell's Gravitas          Tloc           38%        N/A       1%          3
 Sigil of Binding         Hex            38%        N/A       1%          3
 Hailstorm                Conj/Ice       35%        3d8       2%          3
 Frozen Ramparts          Ice            66%        1d10      3%          3
 Summon Ice Beast         Ice/Summ       21%        N/A       7%          3
 Dimensional Bullseye     Hex/Tloc       19%        N/A       7%          4
 Manifold Assault         Tloc           38%        N/A       7%          4
 Call Canine Familiar     Summ           9%         N/A       16%         3
 Fugue of the Fallen      Necr           9%         N/A       16%         3
 Metabolic Englaciation   Hex/Ice        17%        N/A       22%         5
 Dispersal                Tloc           19%        N/A       71%         6
 Sculpt Simulacrum        Ice/Alch       10%        N/A       98%         6


Dungeon Overview and Level Annotations

Branches:
Dungeon (9/15)             Temple (1/1) D:7           Sewer (visited)
   Lair: D:8-11         Orc: D:9-12

Altars:
Cheibriados
Dithmenos
Elyvilon
Nemelex Xobeh
Okawaru
Qazlal
Sif Muna
Trog
Uskayaw
Vehumet
Wu Jian
Xom
Zin
The Shining One


Innate Abilities, Weirdness & Mutations

You cannot wear most types of armour.
You are amphibious.
You can wear up to eight rings at the same time.
Your skin changes colour to match your surroundings (Stealth+).
Your rubbery body absorbs attacks. (AC +1, EV +1)
((You are camouflaged when in or above water. (Stealth+)))
You have tentacles for arms and can constrict up to eight enemies at once.


Message History

Casting: Flame Wave (dangerous; 4% risk of failure)
Confirm with . or Enter, or press ? or * to list all spells.
Okay, then.
You start resting.
A five-headed hydra is nearby!
Casting: Flame Wave (dangerous; 4% risk of failure)
Confirm with . or Enter, or press ? or * to list all spells.
Aiming: Teleport Other (safe; 1% risk of failure)
Press: ? - help, Shift-Dir - straight line, f - five-headed hydra
Aim: a five-headed hydra (wandering, hasn't noticed you, chance to affect: 40%)
The five-headed hydra roars!
The five-headed hydra resists with some effort.
Casting: Teleport Other (safe; 1% risk of failure)
Confirm with . or Enter, or press ? or * to list all spells.
Aiming: Teleport Other (safe; 1% risk of failure)
Press: ? - help, Shift-Dir - straight line, f/p - five-headed hydra
Aim: a five-headed hydra (chance to affect: 40%)
The five-headed hydra resists with some effort.
The five-headed hydra closely misses you.
The five-headed hydra bites you.
The five-headed hydra barely misses you.
The five-headed hydra bites you!
The five-headed hydra barely misses you.
Casting: Teleport Other (safe; 1% risk of failure)
Confirm with . or Enter, or press ? or * to list all spells.
Aiming: Teleport Other (safe; 1% risk of failure)
Press: ? - help, Shift-Dir - straight line, f/p - five-headed hydra
Aim: a five-headed hydra (chance to affect: 40%)
The five-headed hydra looks slightly unstable.
The five-headed hydra bites you! The five-headed hydra bites you.
The five-headed hydra closely misses you.
The five-headed hydra bites you! The five-headed hydra bites you.
The five-headed hydra bites you!
* * * LOW HITPOINT WARNING * * *
The five-headed hydra bites you.
* * * LOW HITPOINT WARNING * * *
The five-headed hydra completely misses you.
The five-headed hydra barely misses you.
The five-headed hydra bites you!
You die...

#....... ......
#....# #....# ####
#....# .. #<..
#....# .... #...
###....#..... #...
#.D.......... #...
#@#....###### ####
#.#....# #.##
#.#....# #...
#.#############.##
#.#####...........
#.....>.......#.##
#######.####.##.#
#...<#.##.#
######.##.#


You could see a five-headed hydra (teleporting).

Vanquished Creatures
  Grinder (D:3)
  Menkaure (D:5)
  2 water moccasins
  3 ice beasts
  A black bear (D:6)
  An ogre (D:5)
  A kobold brigand (D:8)
  3 bullfrogs
  3 gnoll sergeants
  3 scorpions
  8 wights (D:8)
  2 howler monkeys (D:7)
  6 bombardier beetles
  3 orc priests
  A gnoll bouda (D:8)
  3 hounds
  A jelly (D:5)
  Jessica (D:2)
  2 orc wizards (D:8)
  8 iguanas
  Robin (D:3)
  18 gnolls
  3 river rats (Sewer)
  19 adders
  2 shadow imps
  A white imp (D:7)
  2 dart slugs
  3 ribbon worms
  22 orcs
  5 bats (D:1)
  6 endoplasms
  2 giant cockroaches (D:3)
  11 goblins
  13 hobgoblins
  2 jackals (D:2)
  22 kobolds
  3 quokkas
  17 ball pythons
  10 frilled lizards
  20 rats
236 creatures vanquished.

Vanquished Creatures (collateral kills)
  A foxfire (D:4)
1 creature vanquished.

Vanquished Creatures (others)
  849 foxfires
849 creatures vanquished.

Grand Total: 1086 creatures vanquished

Notes
Turn   | Place    | Note
-------+----------+-------------------------------------------
     0 | D:1      | spiderpigspy the Octopode Fire Elementalist began the quest
                  | for the Orb.
     0 | D:1      | Reached XP level 1. HP: 11/11 MP: 3/3
   156 | D:1      | Reached XP level 2. HP: 17/17 MP: 1/5
   626 | D:1      | Reached XP level 3. HP: 21/21 MP: 4/6
  1149 | D:2      | Reached XP level 4. HP: 24/27 MP: 5/8
  1174 | D:2      | Noticed Jessica
  1193 | D:2      | Killed Jessica
  1198 | D:2      | Learned a level 3 spell: Inner Flame
  1202 | D:2      | Learned a level 3 spell: Volatile Blastmotes
  1500 | D:2      | Reached XP level 5. HP: 28/31 MP: 9/9
  2291 | D:3      | Noticed an ice beast
  2308 | D:3      | Killed an ice beast
  2309 | D:3      | Reached skill level 1 in Hexes
  2309 | D:3      | Reached skill level 1 in Translocations
  2309 | D:3      | Reached XP level 6. HP: 16/36 MP: 11/11
  3113 | D:3      | Found a glowing silver altar of Zin.
  3204 | D:3      | Noticed Grinder
  3615 | D:3      | Noticed Robin
  3619 | D:3      | Killed Robin
  4118 | D:4      | Reached XP level 7. HP: 41/41 MP: 12/12
  4510 | D:4      | Found a glowing drain.
  4535 | Sewer    | Entered a sewer
  4991 | Sewer    | Reached skill level 5 in Fire Magic
  4996 | Sewer    | Learned a level 3 spell: Teleport Other
  5583 | D:5      | Entered Level 5 of the Dungeon
  5727 | D:5      | Reached XP level 8. HP: 46/46 MP: 14/14
  5747 | D:5      | Found a stormy altar of Qazlal.
  6281 | D:5      | Found a snail-covered altar of Cheibriados.
  6349 | D:5      | Found a shimmering blue altar of Sif Muna.
  6354 | D:5      | Became a worshipper of Sif Muna the Loreminder
  6471 | D:5      | Noticed Menkaure
  6478 | D:5      | Killed Menkaure
  6666 | D:3      | Killed Grinder
  6667 | D:3      | Reached skill level 5 in Spellcasting
  7008 | D:6      | Noticed a +0 spear
  7008 | D:6      | Noticed a +0 dagger
  7008 | D:6      | Noticed a +0 dagger
  7181 | D:6      | Noticed a +0 falchion
  7182 | D:6      | Noticed a +0 spear
  7183 | D:6      | Noticed a +0 falchion
  7184 | D:6      | Noticed a +0 short sword
  7184 | D:6      | Noticed a +0 short sword
  7191 | D:6      | Found a hide-covered altar of Uskayaw.
  7285 | D:6      | Learned a level 4 spell: Flame Wave
  7327 | D:6      | Reached XP level 9. HP: 45/51 MP: 17/17
  7399 | D:6      | Found a shadowy altar of Dithmenos.
  7413 | D:6      | Learned a level 3 spell: Ozocubu's Armour
  7630 | D:6      | Reached skill level 5 in Hexes
  7630 | D:6      | Reached skill level 5 in Translocations
  8567 | D:7      | Found a staircase to the Ecumenical Temple.
  8576 | Temple   | Entered the Ecumenical Temple
  8726 | D:7      | Reached skill level 1 in Ice Magic
  8798 | D:7      | Found a sparkling altar of Nemelex Xobeh.
  9965 | D:8      | Reached * piety under Sif Muna
 10344 | D:8      | Noticed a manticore
 11021 | D:8      | Noticed a five-headed hydra
 11174 | D:8      | Noticed a cyan ugly thing
 11605 | D:8      | Reached skill level 5 in Conjurations
 11609 | D:8      | Reached XP level 10. HP: 56/56 MP: 16/20
 11627 | D:8      | Mangled by a five-headed hydra

Illustrated notes

Levels and vault maps discovered:
D:1:      spicycebolla_arrival_xxxplode, layout_rooms, minmay_heptomino_h4
D:2:      layout_basic, minmay_randomly_rotated_circles, uniq_jessica
D:3:      layout_basic, zin_scriptorium, dk_noncrumbling_2, st_stairs_3,
          uniq_grinder, uniq_robin
D:4:      layout_basic, gup_sewer_entry_bowl, serial_park_tiny_1,
          kennysheep_flooded_box, nicolae_kite_square_tiling_tiny,
          columned_hall_lemuel, serial_bayou_ford_a
D:5:      layout_basic, mainiacjoe_overflow_alcove_2,
          mainiacjoe_overflow_six_doors_small, kennysheep_little_box,
          uniq_menkaure
D:6:      layout_basic, nicolae_uskayaw_en_pointe, old_standard_altar
D:7:      layout_basic, old_standard_altar, temple_hall
D:8:      minmay_bloctagon_deflated, layout_basic,
          chequers_temple_overflow_minitemple
D:9:      layout_roguey, nzn_hepliaklqana_mist_gate, nicolae_ru_awakened_eye,
          fedhas_ov_isle_minmay, nzn_makhleb_speed_demon, erik_orc_1,
          minmay_crystal_room, reono_crystal_passage, uniq_prince_ribbit1
Temple:   hellmonk_temple_two_chambers

Skill      XL: |  1  2  3  4  5  6  7  8  9 10 |
---------------+-------------------------------+-----
Conjurations   | 2 3 5 |  5.0
Spellcasting   | 3 4 5 6 7 |  7.0
Fire Magic     | 4 5 6 7 |  7.0
Hexes          | 1 2 3 4 5 |  5.0
Translocations | 1 2 3 4 5 |  5.0
Ice Magic      | 3 4 |  4.1
Dodging        | |  2.0
Stealth        | |  2.6

Action                     |  1- 3 |  4- 6 |  7- 9 | 10-12 || total
---------------------------+-------+-------+-------+-------++-------
  Melee: Short sword       |     8 |       |       |       ||     8
         Constrict         |     2 |     1 |     7 |       ||    10
         Tentacles         |     1 |     1 |     8 |       ||    10
         Punch             |     1 |       |       |       ||     1
         Dagger            |       |    18 |    25 |       ||    43
   Cast: Foxfire           |    44 |   121 |   350 |       ||   515
         Teleport Other    |       |       |    20 |     3 ||    23
         Flame Wave        |       |       |    18 |       ||    18
         Ozocubu's Armour  |       |       |     1 |       ||     1
    Use: Potion            |       |     3 |     3 |       ||     6
         Scroll            |       |       |     7 |       ||     7
   Stab: Sleeping          |     1 |     3 |     1 |       ||     5
 Armour: Skin              |    17 |    12 |    54 |     9 ||    92
  Dodge: Dodged            |    19 |    20 |    60 |     6 ||   105
